 Dungeon Crawl Stone Soup version 0.30-a0-6-g7c9e10e132 (webtiles) character file.

Game seed: 5265499585544079364

145 Setbun the Magician (level 5, -11/35 HPs)
             Began as a Djinni Fire Elementalist on Aug 22, 2022.
             Mangled by Crazy Yiuf
             ... wielding a +4 quarterstaff of chaos
              (12 damage)
             ... on level 3 of the Dungeon.
             The game lasted 00:02:49 (4074 turns).

Setbun the Magician (Djinni Fire Elementalist)      Turns: 4074, Time: 00:02:50

Health: -11/35     AC:  2    Str:  7    XL:     5   Next: 53%
Gold:   236        EV: 12    Int: 19    God:
                   SH:  0    Dex: 13

rFire   + + .      SeeInvis .    (no weapon)
rCold   x . .      Faith    .    (no shield)
rNeg    . . .      Spirit   .    a - +0 robe
rPois   ∞          Reflect  .    (no helmet)
rElec   .          Harm     .    (no cloak)
rCorr   .          Rampage  .    (no gloves)
Will    .....                    (boots unavailable)
Stlth   ++........               (no amulet)
HPRegen 0.11/turn                (no ring)
MPRegen 0.00/turn                (no ring)

@: flying
A: sickness immunity, fire resistance 2, cold vulnerability 1, float, innate
caster, HP casting, extra vitality 1
a: no special abilities


You were on level 3 of the Dungeon.
You visited 1 branch of the dungeon, and saw 3 of its levels.

You collected 236 gold pieces.

Inventory:

Armour
 a - a +0 robe (worn)
Scrolls
 c - 4 scrolls of identify {unknown}
 h - a scroll of summoning {unknown}
 i - a scroll of immolation {unknown}
 k - a scroll of noise {unknown}
 l - a scroll of teleportation {unknown}
 n - a scroll of vulnerability {unknown}
Potions
 b - 2 potions of degeneration {unknown}
 d - 2 potions of might {unknown}
 e - a potion of brilliance {unknown}
 f - 2 potions of heal wounds {unknown}
 g - 3 potions of mutation {unknown}
 j - a potion of attraction {unknown}
 m - a potion of magic {unknown}


   Skills:
 - Level 2.1 Dodging
 - Level 1.5 Stealth
 * Level 4.5 Spellcasting


You couldn't memorise any spells.
You knew the following spells:

 Your Spells              Type           Power      Damage    Failure   Level
a - Foxfire               Conj/Fire      84%        2x1d8     1%          1
b - Scorch                Fire           42%        2d7       3%          2
c - Conjure Flame         Conj/Fire      21%        6-21      6%          3
d - Inner Flame           Hex/Fire       21%        N/A       6%          3
e - Flame Wave            Conj/Fire      21%        2d8       21%         4
f - Apportation           Tloc           42%        N/A       1%          1
g - Ensorcelled Hibernat  Hex/Ice        42%        N/A       3%          2
Your spell library was empty.

Dungeon Overview and Level Annotations

Branches:
Dungeon (3/15)

Altars:

Annotations:
D:3 Crazy Yiuf


Innate Abilities, Weirdness & Mutations

You are immune to sickness and miasma.
You are immune to poison.
Your flesh is very heat resistant. (rF++)
You are vulnerable to cold. (rC-)
You float through the air rather than walking.
You learn spells naturally, not from books.
Your magical power is your life essence.
You have superior vitality. (+4 MHP)


Message History

Key pressed, stopping explore.
You conjure some foxfire!
Your foxfire dissipates!
Your foxfire dissipates!
You see here a +0 rapier.
There is an open door here.
You see here 4 stones.
Key pressed, stopping explore.
You conjure some foxfire!
Your foxfire dissipates! x2
You see here a +0 hammer.
You conjure some foxfire!
Crazy Yiuf shouts!
Crazy Yiuf laughs, "Peeping action sanguine!"
There is not enough space to conjure foxfire!
Could not explore, unopened runed door.
There is not enough space to conjure foxfire!
Could not explore, unopened runed door.
Unknown command.
You reach down and open the door.
Crazy Yiuf screams, "Rot!"
Your foxfire dissipates!
Crazy Yiuf says, "Defame!
Announcement fast turtle."
Crazy Yiuf attacks as you move away!
Crazy Yiuf hits you with a +4 quarterstaff of chaos!
Crazy Yiuf freezes you.
Crazy Yiuf sings, "Trees, trees, trees, circus!"
You hit the fungus but do no damage. Crazy Yiuf barely misses you.
You hit the fungus but do no damage.
Crazy Yiuf hits you with a +4 quarterstaff of chaos!
You hit the fungus but do no damage.
Crazy Yiuf sings, "Trees, trees, trees, circus!"
Crazy Yiuf hits you with a +4 quarterstaff of chaos!
* * * LOW HITPOINT WARNING * * *
Crazy Yiuf freezes you.
* * * LOW HITPOINT WARNING * * *
You hit the fungus.
The fungus begins to die.
The fungus is lightly damaged.
Crazy Yiuf hits you with a +4 quarterstaff of chaos!
You die...

#..##.######.#############
........# #.# ........#
#.# ....##### ### ....#
....# ....# ### ######
....# #)..### ##P+).##
....# #...'.####@P....#
....# #...##..#gPP.)..#
....# ### ###.#..+)..#
....# #######.## ....# #.#
....# ###### #.# ##'##
###....# ##.#
...####.....#######..#
..(.....##..........##


You could see Crazy Yiuf.

Vanquished Creatures
  Jessica (D:3)
  6 adders
  3 worms (D:2)
  2 dart slugs
  An orc (D:3)
  4 endoplasms
  2 giant cockroaches (D:2)
  2 goblins (D:2)
  2 hobgoblins
  4 jackals (D:2)
  3 ball pythons
  9 bats
  3 frilled lizards
  10 kobolds
  6 rats
58 creatures vanquished.

Vanquished Creatures (collateral kills)
  A foxfire (D:3)
1 creature vanquished.

Vanquished Creatures (others)
  318 foxfires
318 creatures vanquished.

Grand Total: 377 creatures vanquished

Notes
Turn   | Place    | Note
-------+----------+-------------------------------------------
     0 | D:1      | Setbun the Djinni Fire Elementalist began the quest for the
                  | Orb.
     0 | D:1      | Setbun set off with the following spells memorised:
                  | Foxfire, Scorch, Conjure Flame, Inner Flame, Flame Wave.
     0 | D:1      | Reached XP level 1. HP: 15/15 MP: 0/0
   426 | D:1      | Reached XP level 2. HP: 18/21 MP: 0/0
  1013 | D:2      | Reached skill level 3 in Spellcasting
  1081 | D:2      | Reached XP level 3. HP: 19/25 MP: 0/0
  1081 | D:2      | Learned a level 1 spell: Apportation
  1201 | D:2      | Found a faded altar of an unknown god.
  1606 | D:2      | Reached XP level 4. HP: 26/31 MP: 0/0
  3365 | D:3      | Reached skill level 4 in Spellcasting
  3369 | D:3      | Reached XP level 5. HP: 30/35 MP: 0/0
  3369 | D:3      | Learned a level 2 spell: Ensorcelled Hibernation
  3497 | D:3      | Noticed Jessica
  3500 | D:3      | Killed Jessica
  3819 | D:3      | Found a runed translucent door.
  3828 | D:3      | Noticed Crazy Yiuf
  4073 | D:3      | HP: 1/35 [Crazy Yiuf/+4 quarterstaff of chaos (4)]
  4074 | D:3      | Mangled by Crazy Yiuf

Illustrated notes

Levels and vault maps discovered:
D:1:      minmay_arrival_shoal_huts, layout_rooms
D:2:      layout_basic, serial_forest, infiniplex_forest_lined_2,
          infiniplex_forest_lined_corner, infiniplex_forest_corner_2,
          infiniplex_forest_lined_2, infiniplex_forest_clump_small,
          ebering_ecumenical_altar_rust, serial_park_tiny_2
D:3:      layout_basic, uniq_jessica, uniq_crazy_yiuf_cottage

Skill      XL: |  1  2  3  4 |
---------------+-------------+-----
Spellcasting   | 3 4 |  4.5
Dodging        | |  2.1
Stealth        | |  1.5

Action                   |  1- 3 |  4- 6 || total
-------------------------+-------+-------++-------
Melee: Unarmed           |    25 |     4 ||    29
 Cast: Foxfire           |    73 |   124 ||   197
Armor: Robe              |    16 |     3 ||    19
Dodge: Dodged            |    36 |     4 ||    40

Table legend: (Time is in decaauts)
 A = Elapsed time spent in this place.
 B = Non-inter-level travel time spent in this place.
 C = Inter-level travel time spent in this place.
 D = Time resting spent in this place.
 E = Time spent auto-exploring this place.
 F = Levels seen in this place.
 G = Mean time per level.
                   A        B        C        D        E       F      G
               +--------+--------+--------+--------+--------+-----+--------+
         Total |   4073 |   4033 |     40 |      0 |   3650 |   3 | 1357.7 |
       Dungeon |   4073 |   4033 |     40 |      0 |   3650 |   3 | 1357.7 |
               +--------+--------+--------+--------+--------+-----+--------+

Top non-repeatable levels by time:
     D:2: 2003 daAuts
     D:3: 1059 daAuts
     D:1: 1010 daAuts
